Workbook
Name _Hlk208326873: #REF!
Name aa: [2]Config!$L$3:$L$603
Name AAM_PL_Include: IF(CB_AAM_PL_Include=TRUE,1,0)
Name AAM_PL_Include: IF(CB_AAM_PL_Include=TRUE,1,0)
Name AAM_PL_include_FE: IF(CB_AAM_PL_Include=TRUE,1,0)
Name AAM_PL_include_FE: IF(CB_AAM_PL_Include=TRUE,1,0)
Name AAM_PL_Include_V7: IF(CB_AAM_PL_Include=TRUE,1,0)
Name AAM_PL_Include_V7: IF(CB_AAM_PL_Include=TRUE,1,0)
Name Account: "Reg Accounts"
Name ACCTNG_SERV: [3]Sheet1!$C$336:$V$350
Name ACT_PL_Include: IF(CB_ACT_PL_Include=TRUE,1,0)
Name ACT_PL_Include: IF(CB_ACT_PL_Include=TRUE,1,0)
Name ACT_PL_Include_FE: IF(CB_ACT_PL_Include=TRUE,1,0)
Name ACT_PL_Include_FE: IF(CB_ACT_PL_Include=TRUE,1,0)
Name ACT_PL_Include_V7: IF(CB_ACT_PL_Include=TRUE,1,0)
Name ACT_PL_Include_V7: IF(CB_ACT_PL_Include=TRUE,1,0)
Name Act_Type_Augex: [4]Lab_Mat!$C$33:$C$49
Name Act_Type_Augex_Splits: [4]Lab_Mat!$D$33:$H$49
Name Act_Type_Repex: [4]Lab_Mat!$C$62:$C$98
Name Act_Type_Repex_Splits: [4]Lab_Mat!$D$62:$H$98
Name AGL_PL_Include: IF(CB_AGL_PL_Include=TRUE,1,0)
Name AGL_PL_Include: IF(CB_AGL_PL_Include=TRUE,1,0)
Name AGL_PL_Include_FE: IF(CB_AGL_PL_Include=TRUE,1,0)
Name AGL_PL_Include_FE: IF(CB_AGL_PL_Include=TRUE,1,0)
Name AGL_PL_Inlcude_V7: IF(CB_AGL_PL_Include=TRUE,1,0)
Name AGL_PL_Inlcude_V7: IF(CB_AGL_PL_Include=TRUE,1,0)
Name AllSubmissions: '[5]AA-Rates Card'!$E$14:$E$22
Name as: IF(CB_Pipelines_PL_Include=TRUE,1,0)
Name as: IF(CB_Pipelines_PL_Include=TRUE,1,0)
Name as_FE: IF(CB_Pipelines_PL_Include=TRUE,1,0)
Name as_FE: IF(CB_Pipelines_PL_Include=TRUE,1,0)
Name as_V7: IF(CB_Pipelines_PL_Include=TRUE,1,0)
Name as_V7: IF(CB_Pipelines_PL_Include=TRUE,1,0)
Name asdad: [6]Lists!$F$7:$F$14
Name asdas: [6]Lists!$E$7:$E$8
Name BaseYear: '[7]Input|General'!$G$11
Name Business_cases: [8]Lists!$B$7:$B$18
Name Capex_type: [8]Lists!$D$7:$D$9
Name CLCOEAPPS: '[9]AA-Rates Card'!$E$14:$E$22
Name Compl_Prog: '[10] Draft Tracker'!$N$5:$N$9
Name Compl_Prog: #REF!
Name CostCentre: "C510"
Name CP_Yr_3: [4]START!$D$13
Name CP_Yr_4: [4]START!$E$13
Name CP_Yr_5: [4]START!$F$13
Name CRCP_span: CONCATENATE(CRCP_y1, " to ",CRCP_y5)
Name CRCP_span: CONCATENATE(CRCP_y1, " to ",CRCP_y5)
Name CRCP_y1: #REF!
Name CRCP_y2: #REF!
Name CRCP_y3: #REF!
Name CRCP_y4: #REF!
Name CRCP_y5: #REF!
Name CRCP_y6: #REF!
Name CRY: #REF!
Name CYr: "CY - 2014"
Name Direct_Cost_Splits_Network: [4]Lab_Mat!$D$6:$G$24
Name Direct_Cost_Splits_Non_Ntwk: [4]Lab_Mat!$D$25:$G$28
Name Direct_Cost_Type: [4]Lab_Mat!$D$5:$G$5
Name dms_020101_Rows: #REF!
Name dms_020101_Values: #REF!

Sheet Cover
A1: #VALUE! | B1: Step Change : Cover Page Summary
C6: Step Change - Real 2027 (in $m) | D6: 2027-28 | E6: 2028-29 | F6: 2029-30 | G6: 2030-31 | H6: 2031-32 | I6: Total
C7: Enhanced SOCI CIRMP | D7: 5.5041006 | E7: 10.319246 | F7: 12.614289 | G7: 12.614289 | H7: 12.614289 | I7: =SUM(D7:H7) -> 53.666213
C8: AEMO Participant Fees | D8: ='AEMO Participant Fees'!D23 -> 9.087234 | E8: ='AEMO Participant Fees'!E23 -> 9.4533469 | F8: ='AEMO Participant Fees'!F23 -> 9.8355332 | G8: ='AEMO Participant Fees'!G23 -> 10.234498 | H8: ='AEMO Participant Fees'!H23 -> 10.650979 | I8: =SUM(D8:H8) -> 49.261591
C9: Network Operations | D9: 3.7316943 | E9: 3.7316943 | F9: 3.7316943 | G9: 3.7316943 | H9: 3.7316943 | I9: =SUM(D9:H9) -> 18.658471
C10: Digital (Advanced Energy Management System) | D10: ='Digital (summary)'!E19 -> 2.6003517 | E10: ='Digital (summary)'!F19 -> 1.4018357 | F10: ='Digital (summary)'!G19 -> 2.4719393 | G10: ='Digital (summary)'!H19 -> 3.9968369 | H10: ='Digital (summary)'!I19 -> 4.317868 | I10: =SUM(D10:H10) -> 14.788832
C11: Digital (Asset Management & Field Enablement) | D11: ='Digital (summary)'!E20 -> 0.35313418 | E11: ='Digital (summary)'!F20 -> 5.0476786 | F11: ='Digital (summary)'!G20 -> 1.2488109 | G11: ='Digital (summary)'!H20 -> 1.2488109 | H11: ='Digital (summary)'!I20 -> 1.6581255 | I11: =SUM(D11:H11) -> 9.55656
C12: Digital (Metering Systems) | D12: ='Digital (summary)'!E21 -> 0 | E12: ='Digital (summary)'!F21 -> 0 | F12: ='Digital (summary)'!G21 -> 0.10701036 | G12: ='Digital (summary)'!H21 -> 0.10701036 | H12: ='Digital (summary)'!I21 -> 0.10701036 | I12: =SUM(D12:H12) -> 0.32103107
C13: Digital (Digital Resilience – Applications) | D13: ='Digital (summary)'!E22 -> 0.54944796 | E13: ='Digital (summary)'!F22 -> 0.57172359 | F13: ='Digital (summary)'!G22 -> 0.63904184 | G13: ='Digital (summary)'!H22 -> 0.75140271 | H13: ='Digital (summary)'!I22 -> 0.86376359 | I13: =SUM(D13:H13) -> 3.3753797
C14: Digital (Digital Resilience – Infrastructure) | D14: ='Digital (summary)'!E23 -> 0.0720682 | E14: ='Digital (summary)'!F23 -> 0.0720682 | F14: ='Digital (summary)'!G23 -> 0.0720682 | G14: ='Digital (summary)'!H23 -> 0.0720682 | H14: ='Digital (summary)'!I23 -> 0.0720682 | I14: =SUM(D14:H14) -> 0.360341
C15: Digital (Cybersecurity) | D15: ='Digital (summary)'!E24 -> 3.8523729 | E15: ='Digital (summary)'!F24 -> 3.8523729 | F15: ='Digital (summary)'!G24 -> 3.8523729 | G15: ='Digital (summary)'!H24 -> 3.8523729 | H15: ='Digital (summary)'!I24 -> 3.8523729 | I15: =SUM(D15:H15) -> 19.261864
C16: Total Step Change | D16: =SUM(D7:D15) -> 25.750404 | E16: =SUM(E7:E15) -> 34.449966 | F16: =SUM(F7:F15) -> 34.57276 | G16: =SUM(G7:G15) -> 36.608983 | H16: =SUM(H7:H15) -> 37.868171 | I16: =SUM(I7:I15) -> 169.25028
C18: Category Specific Forecast - Real 2027 (in $m) | D18: 2027-28 | E18: 2028-29 | F18: 2029-30 | G18: 2030-31 | H18: 2031-32 | I18: Total
C19: Easement Land Tax | D19: ='Easement Land Tax'!I14 -> 261.55856 | E19: ='Easement Land Tax'!J14 -> 264.36553 | F19: ='Easement Land Tax'!K14 -> 267.20262 | G19: ='Easement Land Tax'!L14 -> 270.07016 | H19: ='Easement Land Tax'!M14 -> 272.96847 | I19: =SUM(D19:H19) -> 1336.1653
B29: End of sheet

Sheet CAM
A1: #VALUE! | B1: Step Change : SOCI CIRMP (Non-Digital) - Cost Allocation Methodology Calculation
D3: Team Cost Split From Finance
C4: Relevant Rule | D4: PC | E4: Name | F4: Div | G4: Elect Opex | H4: Elect Capex | I4: Gas Opex | J4: Gas Capex | K4: Trans Opex | L4: Trans Capex | M4: UTrans Opex | N4: UTrans Capex | O4: Mondo Opex | P4: Mondo Capex | Q4: TOTAL
C5: 9A - Personnel Hazards | D5: 13981 | E5: Physical Security | F5: ET | G5: 0.04 | H5: 0.19 | I5: 0 | J5: 0.02 | K5: 0.05 | L5: 0.65 | M5: 0 | N5: 0.04 | O5: 0 | P5: 0.01 | Q5: =SUM(G5:P5) -> 1
C6: 6A - Material Risk | D6: 12287 | E6: Risk & Assurance | F6: CRCA | G6: 0.3 | H6: 0 | I6: 0.2 | J6: 0 | K6: 0.24 | L6: 0 | M6: 0.2 | N6: 0 | O6: 0.06 | P6: 0 | Q6: =SUM(G6:P6) -> 1
C7: 10A - Supply Chain | D7: 12952 | E7: Procurement | F7: GO | G7: 0.192 | H7: 0.231 | I7: 0.033 | J7: 0.052 | K7: 0.105 | L7: 0.099 | M7: 0.137 | N7: 0.129 | O7: 0.017 | P7: 0.004 | Q7: =SUM(G7:P7) -> 0.999
D9: Prev Allocation | J9: Note
C10: Relevant Rule | D10: Tx | E10: Dx | F10: Gx | G10: Total Tx Dx | H10: Total All | J10: Cost allocation are based on team cost split that is provided by the Finance team. Upon reviewing, we are allocating the majority of the cost to both Transmission and Distribution business as the two materially drive SOCI risk as noted in…. [Enhanced CIRMP mapping doc]
C11: 6A - Material Risk | D11: 0.2 | E11: 0.3 | F11: 0.24 | G11: =SUM(D11:E11) -> 0.5 | H11: =G11+F11 -> 0.74
C12: 9A - Personnel Hazards | D12: 0.7 | E12: 0.23 | F12: 0.02 | G12: =SUM(D12:E12) -> 0.93 | H12: =G12+F12 -> 0.95
D14: Distribute Gx to Tx and Dx
C15: Relevant Rule | D15: Tx Weight | E15: Dx Weight | F15: Gx to Tx | G15: Gx to Tx | J15: Therefore, we have proportioned the allocated team costs from Gas to both Transmission and Distribution respectively, by proportioning the Gas costs by initial Transmission and Distribution cost weighting.
C16: 6A - Material Risk | D16: =D11/$G11 -> 0.4 | E16: =E11/$G11 -> 0.6 | F16: =$F11*D16 -> 0.096 | G16: =$F11*E16 -> 0.144
C17: 9A - Personnel Hazards | D17: =D12/$G12 -> 0.75268817 | E17: =E12/$G12 -> 0.24731183 | F17: =$F12*D17 -> 0.015053763 | G17: =$F12*E17 -> 0.0049462366
D19: Final allocation for TRR
C20: Relevant Rule | D20: Tx | E20: Dx | F20: Gx | G20: Total Tx Dx | H20: Check | J20: Final cost allocation, with all Gas costs distributed to Transmission and Distribution since both line of business are the main SOCI Enhanced CIRMP cost drivers.
C21: 6A - Material Risk | D21: =D11+F16 -> 0.296 | E21: =E11+G16 -> 0.444 | F21: 0 | G21: =SUM(D21:E21) -> 0.74 | H21: =H11=G21 -> TRUE
C22: 9A - Personnel Hazards | D22: =D12+F17 -> 0.71505376 | E22: =E12+G17 -> 0.23494624 | F22: 0 | G22: =SUM(D22:E22) -> 0.95 | H22: =H12=G22 -> TRUE
D24: Tx | E24: Dx | F24: Gx
C25: 10A - Supply Chain | D25: 0.5 | E25: 0.5 | F25: 0 | J25: 10A - Supply Chain | L25: The costs are split 50/50 between Transmission and Distribution as we are the main beneficiaries of this activity, as both business have the biggest CAPEX programs and most robust procurement activities.
C26: 11A - Physical Security | D26: 1 | E26: 0 | F26: 0 | J26: 11A - Physical Security | L26: Cost are fully attributable to Transmission as the scope only covers transmission critical asset monitoring.
B51: End of sheet

Sheet Step Change>

Sheet Delegated Network Operations
A1: #VALUE! | B1: Step Change : Delegated Network Operations Responsibilities - Cost Build Up
J4: C-I-C | K4: C-I-C
J5: C-I-C | K5: C-I-C | L5: C-I-C | M5: C-I-C | N5: C-I-C | O5: C-I-C | P5: C-I-C
J6: C-I-C | K6: C-I-C | L6: C-I-C | M6: C-I-C | N6: C-I-C | O6: C-I-C | P6: C-I-C
E8: No | F8: Items | G8: Change Driver | H8: Counterparty | I8: Transfer or delegated responsibilities from AEMO? | J8: Cost build-up | K8: FTE Team Allocation | L8: FTE Required | M8: Average $ FTE p.a. | N8: OPEX p.a | O8: Total OPEX | P8: Supporting Docs/Endorsement | Q8: Notes
E9: 1 | F9: Develop Contingency Plans | G9: Transfer of Victorian network operations responsibilities from AEMO/VicGrid to AusNet, including maintaining outage planning arrangements, supporting outage assessments, maintaining EMS model inputs, developing and maintaining contingency plans for N-2 events, issuing contingency plan notifications, and supporting ratings, limits and outage clash list management across Victoria. These responsibilities extend beyond AusNet’s own assets and require AusNet to perform a centralised operational coordination role for the Victorian transmission network. | H9: AEMO & VicGrid | I9: Yes | J9: C-I-C | K9: C-I-C | L9: C-I-C | M9: C-I-C | N9: C-I-C | O9: C-I-C | P9: C-I-C | Q9: C-I-C
E10: 2 | F10: Coordinate Emergencies | G10: Formalisation of the Victorian Responsible Officer role, with AusNet coordinating emergency incident communications between AEMO, DEECA and AusNet, and providing updates to PSEMP during power system emergency incidents. The role is consistent with the regional TNSP role in other NEM jurisdictions and requires AusNet to maintain procedures, training and an on-call capability to support emergency coordination. | H10: AEMO | I10: Yes | J10: C-I-C | K10: C-I-C | L10: C-I-C | M10: C-I-C | N10: C-I-C | O10: C-I-C | P10: C-I-C | Q10: C-I-C
E11: 3 | F11: Instrument of Delegation | G11: Delegation of additional AEMO operational functions to AusNet, including jurisdictional coordination, power system security support, market dispatch/satisfactory operating state functions, and real-time monitoring of power quality and generator performance issues. | H11: AEMO | I11: Yes | J11: C-I-C | K11: C-I-C | L11: C-I-C | M11: C-I-C | N11: C-I-C | O11: C-I-C | P11: C-I-C | Q11: C-I-C
E12: CONFIDENTIAL | L12: CONFIDENTIAL | M12: CONFIDENTIAL | N12: CONFIDENTIAL | O12: CONFIDENTIAL
B18: End of sheet

Sheet Digital (summary)
A1: #VALUE! | B1: Step Change : Digital Cost Summary
D4: CPI Indices Real 2025 to 2027 | E4: ='[21]Input|Rate of change'!$O$19 -> 1.0701036 | F4: From latest OPEX model
D6: For a more detailed Digital cost build up, please refer to this file "AusNet Services - TRR 2027-32 ICT NPV Model - 01 Sep 2026 - PUBLIC"
D8: Real 2025 (in $m) | E8: 2027-28 | F8: 2028-29 | G8: 2029-30 | H8: 2030-31 | I8: 2031-32
D9: Advanced Energy Management System | E9: 2.43 | F9: 1.31 | G9: 2.31 | H9: 3.735 | I9: 4.035
D10: Asset Management & Field Enablement | E10: 0.33 | F10: 4.717 | G10: 1.167 | H10: 1.167 | I10: 1.5495
D11: Customer engagement | E11: 0 | F11: 0 | G11: 0 | H11: 0 | I11: 0
D12: Metering Systems | E12: 0 | F12: 0 | G12: 0.1 | H12: 0.1 | I12: 0.1
D13: Digital resilience – applications | E13: 0.51345306 | F13: 0.53426939 | G13: 0.59717755 | H13: 0.70217755 | I13: 0.80717755
D14: Digital resilience – infrastructure | E14: 0.067346939 | F14: 0.067346939 | G14: 0.067346939 | H14: 0.067346939 | I14: 0.067346939
D15: Cyber security | E15: 3.6 | F15: 3.6 | G15: 3.6 | H15: 3.6 | I15: 3.6
D16: Total Digital | E16: =SUM(E9:E15) -> 6.9408 | F16: =SUM(F9:F15) -> 10.228616 | G16: =SUM(G9:G15) -> 7.8415245 | H16: =SUM(H9:H15) -> 9.3715245 | I16: =SUM(I9:I15) -> 10.159024
D18: Real 2027 (in $m) | E18: 2027-28 | F18: 2028-29 | G18: 2029-30 | H18: 2030-31 | I18: 2031-32
D19: Advanced Energy Management System | E19: =E9*$E$4 -> 2.6003517 | F19: =F9*$E$4 -> 1.4018357 | G19: =G9*$E$4 -> 2.4719393 | H19: =H9*$E$4 -> 3.9968369 | I19: =I9*$E$4 -> 4.317868
D20: Asset Management & Field Enablement | E20: =E10*$E$4 -> 0.35313418 | F20: =F10*$E$4 -> 5.0476786 | G20: =G10*$E$4 -> 1.2488109 | H20: =H10*$E$4 -> 1.2488109 | I20: =I10*$E$4 -> 1.6581255
D21: Metering Systems | E21: =E12*$E$4 -> 0 | F21: =F12*$E$4 -> 0 | G21: =G12*$E$4 -> 0.10701036 | H21: =H12*$E$4 -> 0.10701036 | I21: =I12*$E$4 -> 0.10701036
D22: Digital resilience – applications | E22: =E13*$E$4 -> 0.54944796 | F22: =F13*$E$4 -> 0.57172359 | G22: =G13*$E$4 -> 0.63904184 | H22: =H13*$E$4 -> 0.75140271 | I22: =I13*$E$4 -> 0.86376359
D23: Digital resilience – infrastructure | E23: =E14*$E$4 -> 0.0720682 | F23: =F14*$E$4 -> 0.0720682 | G23: =G14*$E$4 -> 0.0720682 | H23: =H14*$E$4 -> 0.0720682 | I23: =I14*$E$4 -> 0.0720682
D24: Cyber security | E24: =E15*$E$4 -> 3.8523729 | F24: =F15*$E$4 -> 3.8523729 | G24: =G15*$E$4 -> 3.8523729 | H24: =H15*$E$4 -> 3.8523729 | I24: =I15*$E$4 -> 3.8523729
D25: Total Digital | E25: =SUM(E19:E24) -> 7.4273749 | F25: =SUM(F19:F24) -> 10.945679 | G25: =SUM(G19:G24) -> 8.3912434 | H25: =SUM(H19:H24) -> 10.028502 | I25: =SUM(I19:I24) -> 10.871209
B33: End of sheet

Sheet Support>

Sheet AEMO Participant Fees
A1: #VALUE! | B1: Step Change : AEMO Participant Fees Forecast Calculation
C5: Calculations | P5: Assumptions
C7: AEMO participant fees ($m nominal, July to June period)
C8: Fees | D8: 45473 | E8: 45838 | F8: 46203 | G8: 46568 | H8: 46934 | I8: 47299 | J8: 47664 | K8: 48029 | L8: 48395 | P8: Growth rate assumptions | Q8: Growth rate | R8: Note
C9: Core | D9: 2.416041 | E9: 2.4871 | F9: 2.6532 | G9: 8.12135 | H9: =G9*(1+'AEMO Participant Fees'!$Q9) -> 8.6898445 | I9: =H9*(1+'AEMO Participant Fees'!$Q9) -> 9.2981336 | J9: =I9*(1+'AEMO Participant Fees'!$Q9) -> 9.949003 | K9: =J9*(1+'AEMO Participant Fees'!$Q9) -> 10.645433 | L9: =K9*(1+'AEMO Participant Fees'!$Q9) -> 11.390613 | P9: Core | Q9: =0.07 -> 0.07 | R9: AEMO's FY26 budget notes 6-8% growth is the longer term fee trajectory (p19) - https://www.aemo.com.au/-/media/files/about_aemo/energy_market_budget_and_fees/2025/aemo-final-budget-and-fees-fy26.pdf?la=en
C10: Cyber | D10: 0 | F10: 1.083192 | G10: 0.752583 | H10: =G10*(1+'AEMO Participant Fees'!$Q10) -> 0.77139757 | I10: =H10*(1+'AEMO Participant Fees'!$Q10) -> 0.79068251 | J10: =I10*(1+'AEMO Participant Fees'!$Q10) -> 0.81044958 | K10: =J10*(1+'AEMO Participant Fees'!$Q10) -> 0.83071082 | L10: =K10*(1+'AEMO Participant Fees'!$Q10) -> 0.85147859 | P10: Cyber | Q10: 0.025 | R10: A conservative assumption of 2.5% has been utilised, reflecting no long term real growth (in the absence of further guidance by AEMO)
C11: Total | D11: =SUM(D9,D10) -> 2.416041 | E11: =SUM(E9,E10) -> 2.4871 | F11: =SUM(F9,F10) -> 3.736392 | G11: =SUM(G9,G10) -> 8.873933 | H11: =SUM(H9,H10) -> 9.4612421 | I11: =SUM(I9,I10) -> 10.088816 | J11: =SUM(J9,J10) -> 10.759453 | K11: =SUM(K9,K10) -> 11.476144 | L11: =SUM(L9,L10) -> 12.242092
C12: Source | D12: Reported actuals | E12: Reported actuals | F12: AEMO FY26 budget, see below | G12: AEMO FY27 TNSP allocation - Feb 2026 | H12: Growth assumptions applied | I12: Growth assumptions applied | J12: Growth assumptions applied | K12: Growth assumptions applied | L12: Growth assumptions applied
C15: AEMO participant fees ($m nominal, April to March period) | H15: TRR Period
C16: Fees | D16: 45352 | E16: 45717 | F16: 46082 | G16: 46477 | H16: 46843 | I16: 47208 | J16: 47573 | K16: 47908 | L16: 48274 | P16: CPI assumptions | Q16: 46477 | R16: 46843 | S16: 47208 | T16: 47573 | U16: 47908 | V16: 48274
C17: Core | D17: 0 | E17: =D9*0.25+E9*0.75 -> 2.4693352 | F17: =E9*0.25+F9*0.75 -> 2.611675 | G17: =F9*0.25+G9*0.75 -> 6.7543125 | H17: =G9*0.25+H9*0.75 -> 8.5477209 | I17: =H9*0.25+I9*0.75 -> 9.1460613 | J17: =I9*0.25+J9*0.75 -> 9.7862856 | K17: =J9*0.25+K9*0.75 -> 10.471326 | L17: =K9*0.25+L9*0.75 -> 11.204318 | P17: Inflation | Q17: 0 | R17: 0.025 | S17: 0.025 | T17: 0.025 | U17: 0.025 | V17: 0.025
C18: Cyber | D18: 0 | E18: =D10*0.25+E10*0.75 -> 0 | F18: =E10*0.25+F10*0.75 -> 0.812394 | G18: =F10*0.25+G10*0.75 -> 0.83523525 | H18: =G10*0.25+H10*0.75 -> 0.76669393 | I18: =H10*0.25+I10*0.75 -> 0.78586128 | J18: =I10*0.25+J10*0.75 -> 0.80550781 | K18: =J10*0.25+K10*0.75 -> 0.82564551 | L18: =K10*0.25+L10*0.75 -> 0.84628664 | P18: CPI | Q18: =100 -> 100 | R18: =Q18*(1+R17) -> 102.5 | S18: =R18*(1+S17) -> 105.0625 | T18: =S18*(1+T17) -> 107.68906 | U18: =T18*(1+U17) -> 110.38129 | V18: =U18*(1+V17) -> 113.14082
C19: Total | D19: =SUM(D17,D18) -> 0 | E19: =SUM(E17,E18) -> 2.4693352 | F19: =SUM(F17,F18) -> 3.424069 | G19: =SUM(G17,G18) -> 7.5895477 | H19: =SUM(H17,H18) -> 9.3144148 | I19: =SUM(I17,I18) -> 9.9319226 | J19: =SUM(J17,J18) -> 10.591793 | K19: =SUM(K17,K18) -> 11.296971 | L19: =SUM(L17,L18) -> 12.050605
C21: AEMO participant fees forecast ($m real 2026-27, April to March period)
C22: Fees | D22: 46843 | E22: 47208 | F22: 47573 | G22: 47908 | H22: 48274 | I22: Total
C23: AEMO participant fees | D23: =H19/R18*$Q$18 -> 9.087234 | E23: =I19/S18*$Q$18 -> 9.4533469 | F23: =J19/T18*$Q$18 -> 9.8355332 | G23: =K19/U18*$Q$18 -> 10.234498 | H23: =L19/V18*$Q$18 -> 10.650979 | I23: =SUM(D23:H23) -> 49.261591
C26: AEMO FY26 Budget
C27: https://www.aemo.com.au/-/media/files/about_aemo/energy_market_budget_and_fees/2025/aemo-final-budget-and-fees-fy26.pdf?la=en
C55: FY27 NEM participant fees - TNSP allocation (as of AEMO correspondence Feb 2026)
B82: End of sheet

Sheet Category Specific Forecast>

Sheet Easement Land Tax
A1: #VALUE! | B1: Category Specific Forecast : Easement Land Tax
B7: Growth Assumption | C7: % | D7: 0.036
B9: Period | D9: 2022-23 | E9: 2023-24 | F9: 2024-25 | G9: 2025-26 | H9: 2026-27 | I9: 2027-28 | J9: 2028-29 | K9: 2029-30 | L9: 2030-31 | M9: 2031-32
B10: Inflation | C10: %, March QTR | D10: ='[12]Input|Rate of change'!K$12 -> 0.070217918 | E10: ='[12]Input|Rate of change'!L$12 -> 0.036199095 | F10: ='[12]Input|Rate of change'!M$12 -> 0.024017467 | G10: ='[12]Input|Rate of change'!N$12 -> 0.032504861 | H10: ='[12]Input|Rate of change'!O$12 -> 0.027491541 | I10: 0.025 | J10: 0.025 | K10: 0.025 | L10: 0.025 | M10: 0.025
B11: CPI | C11: Index, March QTR | D11: 100 | E11: =D11*(1+E10) -> 103.61991 | F11: =E11*(1+F10) -> 106.1086 | G11: =F11*(1+G10) -> 109.55764 | H11: =G11*(1+H10) -> 112.56955 | I11: =H11*(1+I10) -> 115.38379 | J11: =I11*(1+J10) -> 118.26838 | K11: =J11*(1+K10) -> 121.22509 | L11: =K11*(1+L10) -> 124.25572 | M11: =L11*(1+M10) -> 127.36211
B13: Easement Land Tax (3.6% growth applied to 2026 notice) | C13: $m, nominal | D13: ='[12]Input|Reported opex'!J$51 -> 190.04448 | E13: ='[12]Input|Reported opex'!K$51 -> 246.81454 | F13: ='[12]Input|Reported opex'!L$51 -> 256.83094 | G13: ='[12]Input|Reported opex'!M$51 -> 267.98778 | H13: ='[12]Input|Reported opex'!N$51 -> 258.78139 | I13: =H13*(1+$D$7) -> 268.09752 | J13: =I13*(1+$D$7) -> 277.74903 | K13: =J13*(1+$D$7) -> 287.748 | L13: =K13*(1+$D$7) -> 298.10692 | M13: =L13*(1+$D$7) -> 308.83877
B14: Easement Land Tax (3.6% growth applied to 2026 notice) | C14: $m, real 2026-27 | D14: =D13/D11*$H$11 -> 213.93222 | E14: =E13/E11*$H$11 -> 268.13188 | F14: =F13/F11*$H$11 -> 272.46938 | G14: =G13/G11*$H$11 -> 275.35518 | H14: =H13/H11*$H$11 -> 258.78139 | I14: =I13/I11*$H$11 -> 261.55856 | J14: =J13/J11*$H$11 -> 264.36553 | K14: =K13/K11*$H$11 -> 267.20262 | ... M14: =M13/M11*$H$11 -> 272.96847
B15: Easement Land Tax (OLD) | C15: $m, real 2026-27 | D15: =D13/D11*$H$11 -> 213.93222 | E15: =E13/E11*$H$11 -> 268.13188 | F15: =F13/F11*$H$11 -> 272.46938 | G15: =G13/G11*$H$11 -> 275.35518 | H15: =H13/H11*$H$11 -> 258.78139 | I15: 277.06349 | J15: 279.96101 | K15: 282.88883 | L15: 285.84727 | M15: 288.83666
B56: End of sheet
